[Event "Late-Titled-Tuesday-Blitz-February-06-2024"]
[Site "Chess.com"]
[Date "2024.02.06"]
[Round "7"]
[White "Eloist"]
[Black "edgarhay012"]
[Result "1/2-1/2"]
[WhiteElo "2440"]
[BlackElo "2587"]
[TimeControl "180+1"]
[EndTime "15:19:11 PST"]
[Termination "Game drawn by stalemate"]

1. e4 Nf6 2. e5 Nd5 3. d4 d6 4.
Nf3 Bg4 5. Be2 e6 6. c4 Nb6 7. h3 Bh5 8. exd6 cxd6 9. Nc3 Nc6 10. d5 exd5 11. Nxd5 Nxd5 12. Qxd5 Bg6 13. O-O Be7 14. Bf4 O-O 15. Rad1 Qb6 16. Qb5 Rfd8 17. Rd2 Bf6 18. Rfd1 Re8 19. Bxd6 Rad8 20. Qxb6 axb6 21. Bc7 Ra8 22.
a3 Na5 23. Bxb6 Nb3 24. c5 Nxd2 25. Rxd2 Be4 26. Bb5 Re7 27. a4 Bc6 28. Bxc6 bxc6 29. a5 Re4 30. Rd6 Rb4 31. Rxc6 Rxb2 32. g4 h6 33. Kg2 Kh7 34. Rc7 Bc3 35. Rxf7 Bxa5 36. Bxa5 Rxa5 37. c6 Rc5 38. c7 Rbc2 39. Nd4 Rxc7 40.
Rxc7 Rxc7 41. h4 Kg6 42. f3 Rd7 43. Nf5 Ra7 44. h5+ Kg5 45. Kg3 Rb7 46. Nd4 Rd7 47. Nf5 Kf6 48. Nh4 Ra7 49. Nf5 Ra5 50. Nh4 Rb5 51. Ng6 Rb3 52. Nh4 Rb1 53. Ng6 Rg1+ 54. Kf2 Ra1 55. Nh4 Kg5 56. Nf5 Kf4 57. Nxg7 Ra2+ 58.
Ke1 Ke3 59. Nf5+ Kxf3 60. Nxh6 Ra6 61. g5 Kf4 62. g6 Ra7 63. Nf7 Re7+ 64. Kf2 Re8 65.
g7 Kf5 66. Nh6+ Kf6 67. g8=Q Rxg8 68. Nxg8+ Kg7 69. h6+ Kh7 70. Kg3 Kxg8 71. Kh4 Kh8 72. Kh5 Kg8 73. Kg6 Kh8 74. h7 1/2-1/2

[Event "Late-Titled-Tuesday-Blitz-February-06-2024"]
[Site "Chess.com"]
[Date "2024.02.06"]
[Round "7"]
[White "dennisodessa"]
[Black "ATM622"]
[Result "1/2-1/2"]
[WhiteElo "2593"]
[BlackElo "2457"]
[TimeControl "180+1"]
[EndTime "15:19:12 PST"]
[Termination "Game drawn - insufficient material"]

1. d4 Nf6 2. c4 e6 3. Nc3 Bb4 4.
Qc2 Bxc3+ 5. Qxc3 b6 6. Bg5 Bb7 7. f3 d5 8. e3 dxc4 9. Bxc4 Nbd7 10. Ne2 h6 11. Bh4 O-O 12. O-O c5 13. Rfd1 Qe7 14. Rac1 cxd4 15. Nxd4 Rac8 16. Qe1 Ne5 17. Be2 Ng6 18. Bf2 Rfd8 19. Bb5 a6 20. Bc6 Ne5 21. Bxb7 Qxb7 22. Qe2 b5 23. Bh4 g5 24. Bg3 Ng6 25. Nb3 Rxc1 26. Rxc1 Rc8 27. Qd2 Rxc1+ 28. Qxc1 g4 29. Nc5 Qc6 30. e4 gxf3 31. gxf3 Nh5 32. b4 Nxg3 33. hxg3 Qd6 34. Kg2 Kh7 35. Qc2 h5 36. f4 Qd4 37. e5 h4 38. Ne4 hxg3 39. Nf6+ Kg7 40. Kxg3 Qxf4+ 41. Kg2 Qxe5 42. Ne8+ Kf8 43. Qc8 Qe4+ 44. Kg3 Qf4+ 45. Kg2 Nh4+ 46. Kh3 Ke7 47. Qc7+ Qxc7 48. Nxc7 Nf5 49. Nxa6 Kd6 50. Kg4 Ne3+ 51. Kg5 Nd5 52. a3 f5 53. Nc5 Nc3 54.
Kf4 Kd5 55. Na6 Nb1 56. Nc7+ Kd6 57. Nxb5+ Kc6 58. Nd4+ Kd5 59. Nc2 Nc3 60. Ne3+ Kd6 61. Nxf5+ exf5 62. Kxf5 Kc6 63. Ke5 Kb5 64. Kd4 Nb1 65.
Kd3 Nxa3 66. Kc3 Nc4 67. Kb3 Nd6 68. Kc3 Nf7 69. Kb3 Nd8 70. Kc3 Nc6 71. Kb3 Nxb4 1/2-1/2

[Event "Late-Titled-Tuesday-Blitz-February-06-2024"]
[Site "Chess.com"]
[Date "2024.02.06"]
[Round "7"]
[White "ahkashefi2800"]
[Black "alexrustemov"]
[Result "0-1"]
[WhiteElo "2544"]
[BlackElo "2785"]
[TimeControl "180+1"]
[EndTime "15:19:13 PST"]
[Termination "alexrustemov won by checkmate"]

1. g3 d5 2. Bg2 Nf6 3. b3 c6 4. Bb2 Bf5 5. f4 e6 6. Nf3 Be7 7. e3 O-O 8. O-O Nbd7 9. d3 h6 10. Qe2 Bh7 11. Nbd2 a5 12. h3 a4 13. Kh2 Qc7 14. e4 Rfe8 15. Ne5 dxe4 16. Nxe4 a3 17. Bc3 Nd5 18. Bd2 Nxe5 19. fxe5 Qxe5 20. Rae1 Qc7 21. c4 Nf6 22. Bc3 Nxe4 23. Bxe4 Bxe4 24. Qxe4 Bd6 25. Qg4 f5 26. Qf3 c5 27. Kg2 Rad8 28.
g4 g6 29. Kh1 Qc6 30. Qxc6 bxc6 31. Rf3 Kf7 32. Bd2 h5 33. gxh5 gxh5 34. Bc1 Ra8 35. Rg1 Rg8 36. Rxg8 Kxg8 37. Rf2 Kf7 38. Rg2 Be7 39. Bh6 Bf6 40. Kg1 Rd8 41. Rg3 e5 42. Kf1 f4 43. Rg2 Rxd3 44. Bg5 Rxh3 45. Bxf6 Kxf6 46.
Kf2 e4 47. Rg8 Rh2+ 48. Kg1 Rxa2 49. Ra8 e3 50. Kf1 f3 51. Rf8+ Ke5 52. Rxf3 Rf2+ 53. Rxf2 exf2 54. Kxf2 a2 55. b4 a1=Q 56. bxc5 Qd4+ 57.
Kg2 Qxc5 58. Kh3 Qxc4 59. Kg3 Qe4 60. Kf2 c5 61. Kg3 c4 62. Kh2 c3 63. Kg1 c2 64.
Kf2 c1=Q 65. Kg3 Qce3+ 66. Kh2 Qc2+ 67. Kh1 Qec1# 0-1

[Event "Late-Titled-Tuesday-Blitz-February-06-2024"]
[Site "Chess.com"]
[Date "2024.02.06"]
[Round "7"]
[White "JoakimVonAnd"]
[Black "Hrant_ChessMood"]
[Result "1/2-1/2"]
[WhiteElo "2668"]
[BlackElo "2918"]
[TimeControl "180+1"]
[EndTime "15:19:14 PST"]
[Termination "Game drawn by repetition"]

1. d4 Nf6 2. Nf3 g6 3. Bf4 Bg7 4. e3 O-O 5. h3 c5 6. c3 Qb6 7.
Qb3 d6 8. Nbd2 Be6 9. Bc4 d5 10. Be2 Nbd7 11. O-O c4 12. Qc2 Bf5 13. Qc1 Qc6 14. Bd1 b5 15. Bc2 Bxc2 16. Qxc2 a5 17. Rfe1 e6 18. e4 Nxe4 19. Nxe4 dxe4 20. Rxe4 Nf6 21.
Ree1 Nd5 22. Be5 f6 23. Bg3 Rfe8 24. Re2 b4 25. Rae1 a4 26. a3 bxa3 27. bxa3 Bf8 28. Qb2 Ra7 29. Nd2 Rb7 30. Qc1 Qa6 31. Ne4 Rb3 32. Bh4 Bxa3 33. Qh6 Bf8 34. Qd2 Bg7 35. Nc5 Qa5 36. Rxe6 Rxe6 37. Rxe6 Bf8 38. Nd7 Rb7 39. Nxf8 a3 40. Qh6 a2 41. Nd7 a1=Q+ 42. Kh2 Qc7+ 43. Ne5 Qc8 44. Nxg6 hxg6 45. Qxg6+ Rg7 46. Re8+ Qxe8 47. Qxe8+ Kh7 48. Qh5+ Kg8 49. Qe8+ Kh7 50.
Qh5+ Kg8 51. Qxd5+ Kh8 52. Qh5+ Kg8 53. Qe8+ Kh7 54.
Qh5+ Kg8 55. Bxf6 Qxc3 56. Bxg7 Kxg7 57. Qe5+ Kf7 58. Qf5+ Ke7 59. d5 Qd4 60. Qe6+ Kd8 61. d6 Qf4+ 62. Kg1 Qc1+ 63. Kh2 Qf4+ 64. Kg1 Qc1+ 65.
Kh2 Qf4+ 1/2-1/2

[Event "Late-Titled-Tuesday-Blitz-February-06-2024"]
[Site "Chess.com"]
[Date "2024.02.06"]
[Round "7"]
[White "DeArron_Fox"]
[Black "brm72"]
[Result "0-1"]
[WhiteElo "2493"]
[BlackElo "2640"]
[TimeControl "180+1"]
[EndTime "15:19:16 PST"]
[Termination "brm72 won by resignation"]

1. d4 e6 2. c4 Nf6 3. Nf3 c5 4.
d5 exd5 5. cxd5 d6 6. Nc3 g6 7. Nd2 Bg7 8. e4 O-O 9. Be2 Re8 10. O-O b5 11. Bxb5 Bd7 12. Bd3 Qb6 13. Nc4 Qc7 14.
Bf4 Bf8 15. h3 h6 16. Re1 a6 17. e5 Nh5 18. Bh2 dxe5 19. Rxe5 Rxe5 20. Bxe5 Qd8 21. g4 Nf6 22. Qf3 Nh7 23. Ne4 Bb5 24. d6 Nd7 25. Bc3 Bg7 26. a4 Bxc3 27. Nxc3 Bxc4 28.
Bxc4 Ne5 29. Qd5 Nxc4 30. Qxc4 Qxd6 31. Rd1 Qc6 32. Qe4 Rc8 33. Qxc6 Rxc6 34. Nd5 Kg7 35. Rc1 Nf6 36. Nxf6 Kxf6 37. b4 Ke5 38. bxc5 Kd5 39. Kg2 Rxc5 40. Rb1 Kc6 41. Rb8 Rc4 42. Rf8 Rf4 43.
Kg3 g5 44. Rh8 Rf6 45. Rb8 Kc5 46. a5 Rc6 47. Rf8 Rc7 48. Rb8 Rc6 49. Rf8 Rf6 50. Rb8 Kd6 51. Rb6+ Ke7 52. Rb7+ Kd8 53. f3 Kc8 54. Rb4 Kc7 55. Rb3 Kc6 56. h4 Kc5 57. hxg5 hxg5 58. Rb8 Kd5 59. Rg8 Rg6 60. Rd8+ Kc5 61.
Rd7 Kb5 62. Rxf7 Kxa5 63. Rf5+ Kb4 64. f4 gxf4+ 65. Kxf4 a5 66. g5 a4 67. Rf6 Rg8 68. g6 a3 69. Kg5 a2 70. Ra6 Kb3 71. Kh6 Rh8+ 72. Kg7 Rb8 73. Rxa2 Kxa2 74. Kh7 Rb7+ 75. g7 Rxg7+ 76. Kh8 Rc7 0-1

[Event "Late-Titled-Tuesday-Blitz-February-06-2024"]
[Site "Chess.com"]
[Date "2024.02.06"]
[Round "7"]
[White "lucliasco"]
[Black "igorkovalenko"]
[Result "0-1"]
[WhiteElo "2875"]
[BlackElo "3007"]
[TimeControl "180+1"]
[EndTime "15:19:21 PST"]
[Termination "igorkovalenko won on time"]

1. e4 d5 2. Nc3 dxe4 3. Nxe4 Nd7 4. Nf3 Ngf6 5. Nxf6+ Nxf6 6. d4 Bg4 7. c3 e6 8. h3 Bh5 9. g4 Bg6 10. Bg2 Bd6 11.
O-O c6 12. Ne5 Bxe5 13. dxe5 Qxd1 14. Rxd1 Nd7 15. f4 h5 16. Be3 hxg4 17. hxg4 a6 18. a4 O-O-O 19. a5 Bc2 20. Rd2 Bb3 21. Kf2 g5 22.
fxg5 Nxe5 23. Rxd8+ Rxd8 24. Bd4 Nd3+ 25. Kg3 e5 26.
Bb6 Rg8 27. Rf1 Rxg5 28. Be4 Nf4 29. Bf5+ Kb8 30. Bc5 Kc7 31. Be7 Rg8 32. Re1 f6 33. Kf3 Nd5 34. Ba3 Rh8 35. Be6 Rh3+ 36. Kf2 Rh2+ 37.
Kg3 Rh8 38. Rf1 Bc4 39. Rf5 Rh6 40. b3 Bd3 41. Rh5 Rxh5 42. gxh5 Nf4 43. Bf7 Kd7 44. h6 Bh7 45. Kh4 Ne6 46. Bh5 Nf4 47. Bf7 Ne6 48.
Kg3 Ng5 49. Bh5 Ke6 50. Kh4 Ne4 51. Bb4 c5 52. Ba3 Nxc3 53. Bxc5 Ne4 54. Bf8 Nd6 55. b4 Nf7 56. Bg4+ f5 57. Bd1 Kf6 58. Bb3 Ng5 59.
Bg7+ Kg6 60. Bd5 e4 61. Bxb7 f4 62. Bxa6 Bg8 63. Kg4 f3 64. Kg3 Bd5 65. Bb5 e3 66. Be8+ Kh7 67. Bb5 f2 68. Bd3+ Be4 69. Be2 Bf3 70.
Bd3+ Be4 71. Bf1 Nf3 72. Bc3 Nd2 0-1

[Event "Late-Titled-Tuesday-Blitz-February-06-2024"]
[Site "Chess.com"]
[Date "2024.02.06"]
[Round "7"]
[White "K_A_S_T_O_R"]
[Black "Semetey"]
[Result "0-1"]
[WhiteElo "2864"]
[BlackElo "2644"]
[TimeControl "180+1"]
[EndTime "15:19:23 PST"]
[Termination "Semetey won by resignation"]

1. e4 e5 2. Nf3 Nc6 3. Bb5 a6 4.
Ba4 Nf6 5. O-O Be7 6. Re1 b5 7. Bb3 O-O 8. h3 d6 9. c3 Nb8 10. d4 Nbd7 11. Nbd2 Bb7 12. Bc2 Re8 13. a4 Bf8 14. Bd3 c6 15. b3 g6 16. Bb2 Qc7 17. Qc2 Bg7 18. Rad1 Nh5 19. Bf1 Nf4 20. b4 Rad8 21.
Qb3 h6 22. dxe5 Nxe5 23. Nxe5 dxe5 24. c4 Qb6 25. Nf3 Rxd1 26. Rxd1 Bc8 27. c5 Qc7 28. Kh2 g5 29. g3 Ng6 30. Ne1 Be6 31. Qc2 Rd8 32.
Be2 Rxd1 33. Qxd1 Bf8 34. axb5 axb5 35. Bg4 Bxg4 36. hxg4 Be7 37. Ng2 Qd8 38. Qc2 Bf6 39. Ne3 Ne7 40. Kg2 Qd7 41. Bc3 Kg7 42. Kf3 Kg6 43.
Ke2 h5 44. gxh5+ Kxh5 45. Qa2 Kg6 46. Qa8 Bg7 47. g4 Bf6 48. Qb8 Qe6 49. Qd6 Qxd6 50. cxd6 Nc8 51. Nf5 Nb6 52. Bd2 Nd7 53. Be3 Bd8 54.
Ne7+ Bxe7 55. dxe7 Nf6 56. Ba7 Ne8 57. Bb8 Kf6 58.
f3 Ke6 59. Ke3 f6 60. Kd3 Kxe7 61. Ba7 Ke6 62. Bc5 Kd7 63. Bf8 Nc7 64. Bc5 Ne6 65. Be3 Kd6 66. Kc3 Nf4 67. Bc5+ Kd7 68. Be3 Ng6 69.
Kd3 Nh4 70. Ke2 Ng2 71. Bd2 Nf4+ 72. Bxf4 gxf4 73. Kd2 Ke7 74. Ke2 Ke6 75. Kd2 Kf7 76.
Ke2 Kg6 77. Kf2 Kg5 78. Kg2 Kh4 79. Kh2 Kg5 80. Kg2 Kg6 81. Kf2 Kf7 82. Ke2 Ke7 83.
Kd2 Kd6 84. Kd3 c5 85. Kc3 Kc6 86. Kb3 Kb6 87. Kc3 cxb4+ 88. Kxb4 Kc6 89. Kc3 Kc5 90. Kb3 Kd4 0-1

[Event "Late-Titled-Tuesday-Blitz-February-06-2024"]
[Site "Chess.com"]
[Date "2024.02.06"]
[Round "7"]
[White "LiemLe"]
[Black "Elsa167"]
[Result "0-1"]
[WhiteElo "3027"]
[BlackElo "2904"]
[TimeControl "180+1"]
[EndTime "15:19:27 PST"]
[Termination "Elsa167 won by checkmate"]

1. Nf3 Nf6 2. c4 e6 3. Nc3 d5 4. e3 b6 5. b3 Bb7 6. Bb2 Bd6 7. cxd5 exd5 8. g3 O-O 9. Bg2 d4 10. exd4 Re8+ 11. Ne2 Qe7 12. Rc1 Nbd7 13. Kf1 a5 14. Nc3 Ba3 15. Bxa3 Qxa3 16. Nh4 Bxg2+ 17. Kxg2 Qd6 18.
Qf3 Qxd4 19. Nb5 Qxd2 20. Rhd1 Qxa2 21. Nxc7 Ne5 22. Qf4 Ng6 23. Nxg6 hxg6 24. Nxa8 Rxa8 25. Qf3 Rf8 26. Rc6 b5 27. Rc5 a4 28. Rxb5 axb3 29. Qxb3 Qe2 30. Qf3 Qxb5 31. h4 Qf5 32. Qc6 Qe4+ 33.
Qxe4 Nxe4 34. Re1 Nf6 35. Re2 Re8 36. Ra2 Ng4 37. Ra4 f5 38. Ra2 Kf7 39. Rb2 Kf6 40.
Ra2 Re6 41. Rb2 g5 42. hxg5+ Kxg5 43. Ra2 Kf6 44. Rb2 g5 45. Ra2 Ne5 46. Rb2 g4 47.
Rb1 Nf3 48. Rd1 Kg5 49. Kf1 Re5 50. Ra1 Rb5 51. Rd1 Rb2 52. Kg2 Nd2 53. Re1 Ne4 54.
Rf1 Kf6 55. Kg1 Ke5 56. Kg2 Kd4 57. Kg1 Kd3 58. Rd1+ Rd2 59. Ra1 Ke2 60. Ra5 f4 61. Ra4 Rd1+ 62. Kh2 fxg3+ 63. fxg3 Ke3 64. Ra3+ Rd3 65.
Ra4 Rd2+ 66. Kg1 Kf3 67. Ra3+ Ke2 68. Ra4 Ke3 69. Ra3+ Rd3 70. Ra4 Kf3 71. Ra8 Rd1+ 72. Kh2 Rd2+ 73. Kg1 Kxg3 74. Ra3+ Kf4 75. Ra8 g3 76.
Rf8+ Ke3 77. Re8 Kf3 78. Rf8+ Kg4 79. Rg8+ Ng5 80. Kh1 Kf3 81. Rf8+ Ke3 82. Rg8 Ne4 83. Kg1 Re2 84. Rf8 Ra2 85. Rf7 Rb2 86. Rf8 Ng5 87. Rg8 Nf3+ 88. Kh1 Rh2# 0-1

[Event "Late-Titled-Tuesday-Blitz-February-06-2024"]
[Site "Chess.com"]
[Date "2024.02.06"]
[Round "7"]
[White "Tsschessulover"]
[Black "Binary010"]
[Result "0-1"]
[WhiteElo "2592"]
[BlackElo "2826"]
[TimeControl "180+1"]
[EndTime "15:19:43 PST"]
[Termination "Binary010 won on time"]

1. d4 Nf6 2. Nf3 e6 3. Bf4 d5 4. e3 Bd6 5. Nbd2 O-O 6. c3 Bxf4 7. exf4 c5 8. dxc5 Qc7 9. g3 a5 10. Bd3 Nbd7 11. O-O Nxc5 12. Bc2 b5 13. Nb3 Nce4 14. Nbd2 b4 15. cxb4 axb4 16. Nxe4 dxe4 17. Ne5 Ba6 18. Re1 Rfd8 19. Qc1 Rac8 20. Bb3 Qb6 21. Qe3 Qxe3 22. Rxe3 Rd2 23. g4 Bd3 24. f5 Nd5 25. Rg3 Rxb2 26. Nxd3 exd3 27. fxe6 fxe6 28. Rxd3 Nf4 29. Re3 Kf7 30.
Rae1 Rc6 31. g5 Kg6 32. Rf3 Kxg5 33. h4+ Kg4 34. Bd1 Kf5 35. Rg3 g6 36. Bg4+ Kf6 37.
Rf3 e5 38. Re4 Ra6 39. Rfe3 Ra5 40. Rb3 Rxb3 41. axb3 h5 42. Bd7 Ra1+ 43. Kh2 Nd5 44. Bc6 Rd1 45. Bxd5 Rxd5 46. Rxb4 Rd2 47. Kg3 Rb2 48.
f3 Kf5 49. Rb5 Kf6 50. Rb8 Kf5 51. Rb6 Rb1 52. Rb8 Rg1+ 53. Kh2 Rb1 54. Kg2 Rb2+ 55. Kg3 Rb1 56. b4 Rb3 57. b5 e4 58. Rf8+ Ke5 59. Re8+ Kf5 60. Rxe4 Rxb5 61. Rd4 Re5 62. Rf4+ Ke6 63.
Rf8 Rf5 64. Rg8 Kf7 65. Ra8 Kg7 66. Ra6 Rf7 67. f4 Rf6 68. Ra5 Rf7 69. Kf3 Rb7 70. Ke4 Re7+ 71. Kf3 Rf7 72. Kg3 Rb7 73. Ra3 Rb6 74.
Ra7+ Kf6 75. Ra3 Rc6 76. Re3 Re6 77. Rxe6+ Kxe6 78. Kf2 Kd5 79. Ke3 Kd6 80. Kd4 Ke6 81. Ke4 Kf6 82. Ke3 Kf5 83. Kf3 Kf6 84. Ke4 Ke6 85. Kd4 Kf5 86. Ke3 Kg4 87. Ke4 Kxh4 88. f5 gxf5+ 89. Kxf5 Kg3 0-1

[Event "Late-Titled-Tuesday-Blitz-February-06-2024"]
[Site "Chess.com"]
[Date "2024.02.06"]
[Round "7"]
[White "JackRodgers"]
[Black "Sanyura"]
[Result "0-1"]
[WhiteElo "2506"]
[BlackElo "2684"]
[TimeControl "180+1"]
[EndTime "15:19:48 PST"]
[Termination "Sanyura won by resignation"]

1. d4 Nf6 2. Bg5 Ne4 3. h4 c5 4. dxc5 g6 5. Nd2 Nxc5 6. h5 Nc6 7. e3 Bg7 8. hxg6 hxg6 9. Rxh8+ Bxh8 10. c3 d6 11.
Ngf3 Bf5 12. Nb3 Qb6 13. Nfd4 Bd7 14. Be2 Ne4 15. Bh6 O-O-O 16. Bf3 Nc5 17. Bg5 Bg7 18. Nxc6 Bxc6 19. Bxe7 Rh8 20. Kd2 Ne6 21. Kc2 Bxf3 22. Qxf3 f5 23. Qd5 Kd7 24. Bxd6 Qxd6 25. Qb5+ Qc6 26. Rd1+ Kc8 27. Qb4 Qxg2 28. Qc4+ Qc6 29. Qb4 Qe4+ 30. Kc1 Qxb4 31. cxb4 Rd8 32. Rg1 g5 33.
Na5 g4 34. Nb3 Bh6 35. Kc2 Bg5 36.
Nc1 Kd7 37. Nd3 Kd6 38. a3 b6 39. Kd2 Ke7 40. Ke2 Kf6 41. Rh1 f4 42. Rh7 f3+ 43. Kd2 g3 44. fxg3 Nd4 45. Rh1 Nf5 46. Kc3 Nxe3 47.
g4 Nxg4 48. Rf1 Ne5 49. Nxe5 Kxe5 50. Rxf3 Ke4 51. Rf1 Be3 52. Kb3 a6 53. Rh1 Rd3+ 54.
Ka2 Rd2 55. Rb1 Bd4 56. Kb3 Kd3 57. a4 b5 58. axb5 axb5 59. Ka3 Kc4 60. Rc1+ Kd3 61. Rb1 Rc2 62. Kb3 Re2 63. Rd1+ Ke4 64. Rb1 Kd5 65. Ka3 Rd2 66. Kb3 Rd3+ 67. Ka2 Kc4 68. Rc1+ Kxb4 69. Rc2 Re3 70. Rd2 Be5 71. Rd5 Re2 72. Kb1 Rxb2+ 73.
Kc1 Re2 74. Kd1 Re4 75. Kc2 Kc4 76. Rd8 Bd4 77. Rc8+ Bc5 78. Rd8 b4 79. Kb1 b3 80.
Rd1 Bd4 81. Rc1+ Bc3 82. Rh1 Re1+ 83. Rxe1 Bxe1 84. Kb2 Bc3+ 85. Kb1 Kb4 86. Kc1 Ka3 87. Kb1 Bd4 88. Kc1 Ka2 0-1

[Event "Late-Titled-Tuesday-Blitz-February-06-2024"]
[Site "Chess.com"]
[Date "2024.02.06"]
[Round "7"]
[White "Chempiblinka"]
[Black "RichardLeyvaP"]
[Result "0-1"]
[WhiteElo "2346"]
[BlackElo "2519"]
[TimeControl "180+1"]
[EndTime "15:19:56 PST"]
[Termination "RichardLeyvaP won on time"]

1. Nf3 Nf6 2. g3 g6 3. Bg2 Bg7 4. O-O O-O 5. c4 c6 6. d4 d6 7. Nc3 Qa5 8. h3 Be6 9. Nd2 Qa6 10. b3 d5 11. c5 Nfd7 12. e3 Nxc5 13. Re1 Qa5 14.
Ndb1 Ncd7 15. Bd2 Qd8 16. b4 Nf6 17. b5 cxb5 18. Nxb5 Nc6 19. N1c3 a6 20. Na3 b5 21. Nc2 Na5 22. Rb1 Nc4 23. Bc1 Bf5 24. Rb3 e6 25.
Nb4 h5 26. Nd3 Bxd3 27. Qxd3 Qd6 28. Ne2 Rac8 29. h4 Rc7 30. Nf4 Rfc8 31. Qe2 Na5 32.
Ba3 Qd7 33. Rb2 Bf8 34. Bxf8 Kxf8 35. Nd3 Qd6 36. Nc5 Nd7 37. Nd3 Nc4 38. Rc2 b4 39. Bf1 a5 40. Rec1 Kg7 41. Nf4 Ndb6 42. g4 hxg4 43. Qxg4 e5 44. Nh5+ Kf8 45. Ng3 exd4 46. Qxd4 Qe5 47. Qd3 Qf6 48. Bh3 Ne5 49. Qe2 Rxc2 50.
Rxc2 Rc3 51. Rxc3 bxc3 52. Qc2 Nbc4 53. Kg2 Qf3+ 54. Kg1 Qf6 55. Kg2 Qxh4 56. Qxc3 Qf6 57. Qb3 Qf3+ 58. Kg1 Kg7 59. Bg2 Qf6 60. Bxd5 Nd2 61.
Qb8 Ndf3+ 62. Bxf3 Nxf3+ 63. Kg2 Ne1+ 64. Kf1 Nd3 65.
Ne4 Qf5 66. Qb7 a4 67. Ke2 Ne5 68. Qd5 a3 69. Qd4 Kh7 70. f4 Qg4+ 71. Kf1 Qh3+ 72. Ke2 Qf3+ 73. Kd2 Qg2+ 74. Kc3 Ng4 75. Ng5+ Kg8 76.
Qd8+ Kg7 77. Qd4+ Nf6 78. Qd8 Qb2+ 79. Kd3 Qxa2 80. Qd4 Qb3+ 81. Ke2 Qb2+ 82. Kf3 Qxd4 83. exd4 a2 0-1

[Event "Late-Titled-Tuesday-Blitz-February-06-2024"]
[Site "Chess.com"]
[Date "2024.02.06"]
[Round "7"]
[White "GiorgianBarbosa"]
[Black "aghasiyevkamal"]
[Result "1-0"]
[WhiteElo "2489"]
[BlackElo "2603"]
[TimeControl "180+1"]
[EndTime "15:21:27 PST"]
[Termination "GiorgianBarbosa won by resignation"]

1. c4 e5 2. g3 Nc6 3. Bg2 Nf6 4.
Nc3 Bb4 5. Nd5 O-O 6. e3 d6 7.
Ne2 Nxd5 8. cxd5 Ne7 9. a3 Bc5 10. d4 exd4 11. Nxd4 Nf5 12. Nxf5 Bxf5 13. b4 Bb6 14.
Bb2 Qe7 15. O-O Be4 16. Rc1 Bxg2 17. Kxg2 a5 18. b5 a4 19. Qg4 f5 20. Qc4 Bc5 21. Bd4 b6 22. Bxc5 bxc5 23. Rb1 Qe4+ 24. Qxe4 fxe4 25. b6 cxb6 26. Rxb6 Rad8 27. Ra6 Rf5 28.
Rxa4 Rxd5 29. Rxe4 Ra8 30. Rb1 Ra7 31. a4 Kf7 32.
Rb6 Re5 33. Rxe5 dxe5 34. Rc6 Rxa4 35. Rxc5 e4 36. Rc7+ Kf6 37. g4 h6 38. h4 Rb4 39.
Kg3 Rb2 40. Rc6+ Ke5 41. Rc7 Kf6 42. Ra7 Rc2 43. Rd7 Rb2 44. Rd6+ Ke5 45. Rg6 Rb7 46. Ra6 Rb2 47. Rc6 Ra2 48. g5 hxg5 49. hxg5 Kf5 50.
g6 Ra1 51. Rc5+ Kxg6 52. Kf4 Ra4 53. Re5 Ra2 54. Rg5+ Kh6 55. Rg2 Ra4 56. Kf5 Kh7 57.
Rh2+ Kg8 58. Rh4 Ra2 59. Rf4 Kh7 60. Kxe4 g5 61. Rf3 Kg6 62. Rf8 Ra4+ 63. Kf3 Ra2 64. Kg3 Rb2 65. Rc8 Ra2 66. f3 Ra3 67. e4 Ra1 68. Rc5 Kh5 69. Rf5 Rg1+ 70. Kf2 Ra1 71. f4 Kg4 72. fxg5 Ra2+ 73. Ke3 Ra1 74.
Kd4 Kh5 75. Ke5 Kg6 76. Rf2 Ra5+ 77. Kf4 Rxg5 78. Rd2 Rg1 79. Rd7 Kf6 80. Ra7 Ke6 81. Ra6+ Ke7 82. Ke5 Rg5+ 83. Kd4 Rb5 84. Ra7+ Ke6 85.
Ra6+ Ke7 86. Ra7+ Ke6 87. Rh7 Rb4+ 88. Ke3 Ke5 89. Rh5+ Ke6 90. Kf4 Ra4 91. Re5+ Kf6 92.
Rc5 Ke6 93. Rc6+ Ke7 94. Rh6 Kf7 95. Kf5 Ra5+ 96. e5 Ra1 97. Rh7+ Kg8 98. Rc7 Rf1+ 99. Ke6 Re1 100. Rc8+ Kg7 101. Re8 Ra1 102. Rb8 Re1 103. Rb5 Kf8 104. Rb6 Re2 105. Rb7 Re1 106. Rf7+ Kg8 107. Rf3 Ra1 108. Kf6 Ra8 109. Rg3+ Kf8 110. Rh3 Kg8 111. Rg3+ Kf8 112. e6 Rd8 113. Rh3 Kg8 114. Rg3+ Kh7 115. e7 Rd1 116. Kf7 Rf1+ 117. Ke8 Re1 118. Rf3 Kg7 119. Rf5 Ra1 120. Rd5 Ra8+ 121. Kd7 Ra7+ 122. Ke6 Ra6+ 123. Rd6 Ra1 124. Kd7 Re1 125. e8=Q Rxe8 126. Kxe8 1-0

[Event "Late-Titled-Tuesday-Blitz-February-06-2024"]
[Site "Chess.com"]
[Date "2024.02.06"]
[Round "8"]
[White "OYAcosta"]
[Black "ferdipy"]
[Result "0-1"]
[WhiteElo "2191"]
[BlackElo "2412"]
[TimeControl "180+1"]
[EndTime "15:24:11 PST"]
[Termination "ferdipy won by resignation"]

1. d4 e5 2. dxe5 d6 3. Nf3 Nc6 4. exd6 Bxd6 5. Bg5 f6 6. Bh4 Bg4 7. Nbd2 Qe7 8. c3 O-O-O 9. Qb3 h5 10. e3 Bc5 11. Be2 g5 12. Bg3 h4 13. Nxh4 Bxe2 14. Nf5 Qd7 0-1

[Event "Late-Titled-Tuesday-Blitz-February-06-2024"]
[Site "Chess.com"]
[Date "2024.02.06"]
[Round "8"]
[White "aleksanchess"]
[Black "elchacal664"]
[Result "1-0"]
[WhiteElo "2300"]
[BlackElo "2379"]
[TimeControl "180+1"]
[EndTime "15:24:27 PST"]
[Termination "aleksanchess won by resignation"]

1. d4 d5 2. c4 dxc4 3. Nf3 Nf6 4. Nc3 e6 5. e3 c5 6. Bxc4 cxd4 7. Nxd4 Be7 8. O-O O-O 9. Nf3 Qc7 10. Qe2 Nc6 11. Nb5 Qb6 12. Nbd4 Bd7 13. b3 Rac8 14. Bb2 Rfd8 15. Rfd1 Nxd4 16. Nxd4 Be8 17. Rac1 Qa5 18. Bc3 Qg5 19. Nxe6 fxe6 20. Bxe6+ Bf7 21. Bxc8 Rxc8 22. Bxf6 1-0

[Event "Late-Titled-Tuesday-Blitz-February-06-2024"]
[Site "Chess.com"]
[Date "2024.02.06"]
[Round "8"]
[White "Onthequiet"]
[Black "AmanteDeMoi"]
[Result "0-1"]
[WhiteElo "2461"]
[BlackElo "2595"]
[TimeControl "180+1"]
[EndTime "15:24:28 PST"]
[Termination "AmanteDeMoi won by resignation"]

1. d4 g6 2. Nf3 Bg7 3. Bg5 d6 4.
c3 Nd7 5. Nbd2 h6 6. Bh4 g5 7.
Bg3 e6 8. e4 Ne7 9. Nc4 Ng6 10.
Nfd2 h5 11. h3 h4 12. Bh2 b5 13. Ne3 a6 14. a4 bxa4 15. Qxa4 O-O 16. Bd3 c5 17.
Bxd6 Nb6 18. Qc6 cxd4 19. Bxf8 dxe3 20. Bxg7 exd2+ 21. Kxd2 Kxg7 22. g3 Ne5 0-1

[Event "Late-Titled-Tuesday-Blitz-February-06-2024"]
[Site "Chess.com"]
[Date "2024.02.06"]
[Round "8"]
[White "inagreV"]
[Black "thesupera12"]
[Result "1-0"]
[WhiteElo "2365"]
[BlackElo "2494"]
[TimeControl "180+1"]
[EndTime "15:24:32 PST"]
[Termination "inagreV won by resignation"]

1. d4 d5 2. c4 Nc6 3. cxd5 Qxd5 4. e3 e5 5. Nc3 Bb4 6. Bd2 Bxc3 7. bxc3 exd4 8. cxd4 Nf6 9. f3 O-O 10. Ne2 Re8 11.
e4 Qh5 12. d5 Ne5 13. Nf4 Qh4+ 14. g3 Qg5 15. Be2 Ng6 16. Rc1 Nxe4 17. fxe4 Rxe4 18.
O-O Qxd5 19. Nxd5 1-0

[Event "Late-Titled-Tuesday-Blitz-February-06-2024"]
[Site "Chess.com"]
[Date "2024.02.06"]
[Round "8"]
[White "Malev212"]
[Black "ahkashefi2800"]
[Result "1-0"]
[WhiteElo "2673"]
[BlackElo "2539"]
[TimeControl "180+1"]
[EndTime "15:24:44 PST"]
[Termination "Malev212 won by resignation"]

1. e4 c6 2. d4 d5 3. exd5 cxd5 4. Bd3 Nf6 5. c3 Nc6 6. Bf4 Bg4 7. Nf3 e6 8. Nbd2 Bd6 9. Bxd6 Qxd6 10. O-O O-O 11. Re1 a6 12. Qb1 Bh5 13. Ne5 Bg6 14. Nxg6 hxg6 15.
Qd1 b5 16. a3 Rab8 17. Qe2 Na5 18. Nf3 Nc4 19. Ne5 a5 20. h4 Nd7 21. h5 gxh5 22.
Qxh5 f5 23. Ng6 Rf6 24. Re2 Nf8 25. Qh8+ Kf7 26. Ne5+ Ke7 27. Qxg7+ Ke8 28. Qxf6 1-0

[Event "Late-Titled-Tuesday-Blitz-February-06-2024"]
[Site "Chess.com"]
[Date "2024.02.06"]
[Round "8"]
[White "babero_gordo"]
[Black "romulocardoso"]
[Result "1-0"]
[WhiteElo "2115"]
[BlackElo "2193"]
[TimeControl "180+1"]
[EndTime "15:25:02 PST"]
[Termination "babero_gordo won by resignation"]

1. e4 c5 2. d4 cxd4 3. c3 dxc3 4. Nxc3 g6 5. Bc4 Bg7 6. Nf3 Nc6 7. e5 Qa5 8. O-O Nxe5 9. Nxe5 Bxe5 10. Re1 Bg7 11. Nd5 e6 12. Bf4 Qc5 13. Nc7+ Kd8 14. Rc1 e5 15. Bxf7 Qe7 16. Bxg8 Rxg8 17. Nxa8 1-0

[Event "Late-Titled-Tuesday-Blitz-February-06-2024"]
[Site "Chess.com"]
[Date "2024.02.06"]
[Round "8"]
[White "pr1105"]
[Black "PawnEatingZombie"]
[Result "1-0"]
[WhiteElo "2426"]
[BlackElo "2205"]
[TimeControl "180+1"]
[EndTime "15:25:12 PST"]
[Termination "pr1105 won by resignation"]

1. e4 d6 2. d4 Nf6 3. Nc3 e5 4.
Nf3 Nbd7 5. Bc4 Be7 6. a4 O-O 7. h3 c6 8. O-O a5 9. Re1 h6 10. Be3 Re8 11. d5 Nb6 12. Bb3 cxd5 13. exd5 Bf5 14.
Nb5 Nbd7 15. c4 b6 16. Bc2 Nc5 17. Bxf5 1-0

[Event "Late-Titled-Tuesday-Blitz-February-06-2024"]
[Site "Chess.com"]
[Date "2024.02.06"]
[Round "8"]
[White "AryanTari"]
[Black "gahryman"]
[Result "1-0"]
[WhiteElo "2911"]
[BlackElo "2674"]
[TimeControl "180+1"]
[EndTime "15:25:42 PST"]
[Termination "AryanTari won by resignation"]

1. e4 c5 2. Nf3 Nc6 3. Bc4 Nf6 4. e5 d5 5. Bb5 Ng8 6. d4 e6 7. Be3 cxd4 8. Nxd4 Bd7 9. f4 Nh6 10. O-O Nxd4 11.
Bxd7+ Qxd7 12. Bxd4 Nf5 13. Bf2 h5 14. Nd2 Be7 15. Nf3 a6 16. Qd3 Rc8 17. c3 g6 18. Nd4 Nxd4 19. Bxd4 O-O 20. g3 Bc5 21. Rad1 Bxd4+ 22. Qxd4 Rc4 23. Qxc4 1-0